 Dungeon Crawl Stone Soup version 0.28.0-47-ge53b351184 (webtiles) character file.

Game seed: 5744854898497497432

9 billz999 the Sneak (level 2, 0/19 HPs)
             Began as a Vampire Earth Elementalist on May 6, 2022.
             Slain by a jackal (2 damage)
             ... on level 1 of the Dungeon.
             The game lasted 00:01:09 (283 turns).

billz999 the Sneak (Vampire Earth Elementalist)      Turns: 283, Time: 00:01:10

Health: 0/19       AC:  3    Str:  7    XL:     2   Next: 3%
Magic:  0/5        EV: 12    Int: 17    God:
Gold:   18         SH:  0    Dex: 14    Spells: 4/5 levels left

rFire   . . .      SeeInvis +   a - +0 dagger
rCold   . . .      Faith    .   (no shield)
rNeg    . . .      Spirit   .   b - +0 robe
rPois   .          Reflect  .   (no helmet)
rElec   .          Harm     .   (no cloak)
rCorr   .          Rampage  .   (no gloves)
Will    .....                   d - +0 pair of boots
Stlth   +++.......              (no amulet)
HPRegen 0.26/turn               (no ring)
MPRegen 0.09/turn               (no ring)

@: healing quickly
A: alive, fangs 3, see invisible, vampiric 1
a: Exsanguinate


You were on level 1 of the Dungeon.
You visited 1 branch of the dungeon, and saw 1 of its levels.

You collected 18 gold pieces.

Inventory:

Hand Weapons
 a - a +0 dagger (weapon)
Missiles
 c - 25 stones
Armour
 b - a +0 robe (worn)
 d - a +0 pair of boots (worn)
Scrolls
 e - a scroll of fear {unknown}


   Skills:
 - Level 2.1 Dodging
 + Level 4.3 Stealth
 - Level 2.0 Spellcasting
 - Level 1.1 Transmutations
 - Level 3.0 Earth Magic


You had 4 spell levels left.
You knew the following spells:

 Your Spells              Type           Power      Damage    Failure   Level
a - Sandblast             Erth           22%        2d7       5%          1

Your spell library contained the following spells:

 Spells                   Type           Power      Damage    Failure   Level
 Passwall                 Tmut/Erth      6%         N/A       13%         2
 Stone Arrow              Conj/Erth      12%        3d7       30%         3
 Petrify                  Tmut/Erth      8%         N/A       63%         4


Dungeon Overview and Level Annotations

Branches:
Dungeon (1/15)

Altars:


Innate Abilities, Weirdness & Mutations

Your natural rate of healing is accelerated.
You have razor-sharp teeth.
You have supernaturally acute eyesight. (SInv)
You are afflicted with vampirism.


Message History

The jackal bites you but does no damage.
The jackal stops to sniff the ground.
The jackal barely misses you.
You closely miss the jackal.
The jackal is almost dead.
The jackal barely misses you.
You closely miss the jackal.
The jackal is almost dead.
The jackal bites you but does no damage. x2
You closely miss the jackal. Your bite misses the jackal.
The jackal is almost dead.
The jackal barely misses you.
You hit the jackal but do no damage.
The jackal is almost dead.
The jackal bites you.
* * * LOW HITPOINT WARNING * * *
You closely miss the jackal. Your bite misses the jackal.
The jackal is almost dead.
The jackal closely misses you. The jackal bites you.
* * * LOW HITPOINT WARNING * * *
You hit the jackal but do no damage.
The jackal is almost dead.
The jackal closely misses you.
You closely miss the jackal.
The jackal is almost dead.
The jackal barely misses you. x2
The jackal barely misses you.
Casting: Sandblast (safe; 5% risk of failure)
Confirm with . or Enter, or press ? or * to list all spells.
Aiming: Sandblast (safe; 5% risk of failure)
Press: ? - help, Shift-Dir - straight line, f/p - endoplasm
Aim: an endoplasm (heavily wounded, 98% to hit)
The blast of sand misses the jackal.
The blast of sand hits the endoplasm!
You kill the endoplasm!
The jackal barely misses you.
You have reached level 2!
The jackal bites you.
* * * LOW HITPOINT WARNING * * *
The jackal bites you.
You die...

#.......# #.#.....# # #.##.##
#. #.# ## #.# #.# #.#
####.#######.###.
#.......h@.......
#.##.#######.###.
#.#........# #.#..#####.#
##.#.#......#.###############
...#.#........#.............#
..#.#.####.##...##########.#
..#.#.####.##...# # ...#.#
+##+##.#.#......##...#
#.#.##.#


You could see a jackal.

Vanquished Creatures
  An endoplasm (D:1)
  A goblin (D:1)
  A hobgoblin (D:1)
  3 jackals (D:1)
  A bat (D:1)
7 creatures vanquished.

Notes
Turn   | Place    | Note
-------+----------+-------------------------------------------
     0 | D:1      | billz999 the Vampire Earth Elementalist began the quest for
                  | the Orb.
     0 | D:1      | Reached XP level 1. HP: 13/13 MP: 3/3
   258 | D:1      | Reached skill level 4 in Stealth
   280 | D:1      | Reached XP level 2. HP: 4/19 MP: 0/5
   283 | D:1      | Slain by a jackal

Illustrated notes

Levels and vault maps discovered:
D:1:      saegor_arrival_simple_e, layout_basic, minmay_cut_off

Skill      XL: |  1 |
---------------+----+-----
Stealth        | 4 |  4.3
Dodging        | |  2.1
Spellcasting   | |  2.0
Transmutations | |  1.1
Earth Magic    | |  3.0

Action                   || total
-------------------------++-------
Melee: Dagger            ||    35
       Bite              ||     7
       Unarmed           ||     3
 Cast: Sandblast         ||     5
 Stab: Sleeping          ||     2
Armor: Robe              ||    16
Dodge: Dodged            ||    48
